 Dungeon Crawl Stone Soup version 0.31-a0-965-g8a8ce12e04 (webtiles) character file.

Game seed: 1253061183880430462

1575 Maratek the Cleaver (level 8, -11/60 (71) HPs)
             Began as a Minotaur Fighter on Oct 26, 2023.
             Was an Initiate of Okawaru.
             Killed by divine providence
             ... invoked by Jeremiah
              (15 damage)
             ... on level 6 of the Dungeon.
             The game lasted 00:09:10 (4097 turns).

Maratek the Cleaver (Minotaur Fighter)              Turns: 4097, Time: 00:09:14

HP:   -11/60 (71)   AC: 11    Str: 23    XL:     8   Next: 60%
MP:   7/7           EV: 11    Int:  5    God:    Okawaru [......]
Gold: 397           SH:  6    Dex: 16    Spells: 7/7 levels left

rFire   + . .        a - +0 war axe
rCold   + . .        c - +0 buckler
rNeg    . . .        b - +2 scale mail
rPois   .            (helmet restricted)
rElec   .            w - scarf {rC+ rF+}
rCorr   .            (no gloves)
SInv    .            o - +0 pair of boots
Will    .....        (no amulet) Stlth
                     i - +6 ring of dexterity
HPRegen 0.30/turn    g - ring of flight
MPRegen 0.10/turn

%: no passive effects
@: flying, heavily drained
A: horns 2, retaliatory headbutt
a: Renounce Religion


You were on level 6 of the Dungeon.
You worshipped Okawaru.
Okawaru was noncommittal.
You visited 2 branches of the dungeon, and saw 7 of its levels.

You collected 397 gold pieces.

Inventory:

Hand Weapons
 a - a +0 war axe (weapon)
Missiles
 n - a throwing net
Armour
 b - a +2 scale mail (worn)
 c - a +0 buckler (worn)
 o - a +0 pair of boots (worn)
 w - a scarf of resistance (worn)
Jewellery
 g - a ring of flight (right hand)
 i - a +6 ring of dexterity (left hand)
 m - a ring of resist corrosion
Wands
 q - a wand of flame (17)
Scrolls
 e - a scroll of fear
 p - a scroll of fog
 s - 2 scrolls of identify
 t - a scroll of poison
 u - a scroll of silence
 v - a scroll of revelation
Potions
 d - 2 potions of might
 f - a potion of mutation {unknown}
 h - a potion of resistance {unknown}
 k - 2 potions of curing {unknown}
 l - a potion of heal wounds {unknown}
 r - a potion of ambrosia {unknown}


   Skills:
 + Level 6.4 Fighting
 + Level 9.2 Axes
 + Level 6.5 Armour
 + Level 3.1 Dodging
 + Level 0.1 Stealth
 + Level 5.5 Shields


You had 7 spell levels left.
You didn't know any spells.
Your spell library contained the following spells:

 Spells                   Type           Power      Damage    Failure   Level
 Apportation              Tloc           0%         N/A       83%         1
 Sting                    Tmut/Pois      0%         1d3       83%         1
 Jinxbite                 Hex            0%         N/A       92%         2
 Poisonous Vapours        Pois/Air       0%         N/A       92%         2
 Sigil of Binding         Hex            0%         N/A       99%         3
 Dimensional Bullseye     Hex/Tloc       0%         N/A       100%        4
 Leda's Liquefaction      Hex/Erth       0%         N/A       100%        4
 Olgreb's Toxic Radiance  Pois           0%         N/A       100%        4
 Alistair's Intoxication  Tmut/Pois      0%         N/A       100%        5
 Call Canine Familiar     Summ           Unusable   N/A       N/A         3

Dungeon Overview and Level Annotations

Branches:
Dungeon (6/15)             Temple (1/1) D:5

Altars:
Cheibriados
Dithmenos
Elyvilon
Fedhas
Gozag
Hepliaklqana
Kikubaaqudgha
Makhleb
Nemelex Xobeh
Okawaru
Ru
Sif Muna
Trog
Uskayaw
Vehumet
Xom
Yredelemnul
The Shining One

Shops:
D:1 ?(((=   D:6 *

Annotations:
D:5 3 runed translucent doors, Arzdou's ghost, novice DsSh
D:6 Jeremiah


Innate Abilities, Weirdness & Mutations

You have a pair of horns on your head.
You reflexively headbutt those who attack you in melee.


Message History

You kill the butterfly!
The butterfly disappears in a burst of colours! x4
Something hits you but does no damage.
Jeremiah hits you from afar with a +3 trident of draining!
* * * LOW HITPOINT WARNING * * *
You feel drained.
* * * LOW HITPOINT WARNING * * *
Something hits you but does no damage.
You hit something. You slash the butterfly!
You kill the butterfly!
The butterfly disappears in a burst of colours!
You closely miss the butterfly. Jeremiah barely misses you.
Something hits you but does no damage.
Unknown command.
You closely miss something. You closely miss the butterfly.
You hit the butterfly.
You kill the butterfly!
The butterfly disappears in a burst of colours!
Jeremiah closely misses you. Something hits you but does no damage.
Unknown command.
You barely miss something. You barely miss the butterfly.
You hit the butterfly.
You kill the butterfly!
The butterfly disappears in a burst of colours!
You barely miss the butterfly.
The butterfly disappears in a burst of colours!
Jeremiah hits you from afar with a +3 trident of draining!
* * * LOW HITPOINT WARNING * * *
You feel drained.
* * * LOW HITPOINT WARNING * * *
Something hits you but does no damage.
You miss something. You slash the butterfly!
You kill the butterfly!
The butterfly disappears in a burst of colours!
You closely miss the butterfly.
The butterfly disappears in a burst of colours!
Jeremiah cries, "Fearful master, protect me!"
Something smites you!
You die...
Jeremiah asks, "What happened?
Did... did you die?"

..#..#.# ... . ....#
#............##
.##...###.............#
......#.......b......###
.<#............b........
........# ##.......b....
#.∩.#..## #b...b....b..
........####...{.bb#
..#####.#.##....@bF#
.######...#......###
..#.....#........#
.......##..#.......#
.#.........#......>..
.##............###....
###.....######.# #.##
#....... ... .#
#........ ...


You could see Jeremiah.

Vanquished Creatures
  Grinder (D:4)
  Sigmund (D:3)
  A wyvern (D:5)
  Eustachio (D:4)
  A black bear (D:5)
  A phantom (D:3)
  Blork the orc (D:5)
  A bullfrog (D:4)
  A howler monkey (D:4)
  A hound (D:5)
  2 orc priests (D:5)
  A jelly (D:5)
  2 iguanas
  2 orc wizards (D:5)
  Robin (D:4)
  16 gnolls
  7 adders
  6 ufetubi (D:5)
  2 worms (D:2)
  2 dart slugs
  7 orcs
  10 endoplasms
  4 giant cockroaches
  13 hobgoblins
  7 jackals
  4 quokkas
  8 ball pythons
  2 bats
  6 frilled lizards
  15 goblins
  38 kobolds
  10 rats
175 creatures vanquished.

Notes
Turn   | Place    | Note
-------+----------+-------------------------------------------
     0 | D:1      | Maratek the Minotaur Fighter began the quest for the Orb.
     0 | D:1      | Reached XP level 1. HP: 19/19 MP: 0/0
    62 | D:1      | Found Zulur's Weapon Shop.
    62 | D:1      | Noticed a +0 giant club
    62 | D:1      | Noticed a +0 demon trident
    96 | D:1      | Found Tack's Weapon Boutique.
   102 | D:1      | Reached XP level 2. HP: 27/27 MP: 1/1
   216 | D:1      | Found Rihodd's Jewellery Boutique.
   459 | D:1      | Found Teqif's Antique Weapon Shoppe.
   599 | D:1      | Found Mocatsou's Magic Scroll Shop.
   813 | D:2      | Reached XP level 3. HP: 26/33 MP: 2/2
  1089 | D:2      | Reached skill level 3 in Axes
  1152 | D:2      | Reached XP level 4. HP: 41/41 MP: 3/3
  1586 | D:3      | Noticed Sigmund
  1596 | D:3      | Killed Sigmund
  1597 | D:3      | Reached skill level 5 in Axes
  1597 | D:3      | Reached skill level 1 in Dodging
  1597 | D:3      | Reached XP level 5. HP: 17/47 MP: 4/4
  1825 | D:3      | Noticed a phantom
  1831 | D:3      | Killed a phantom
  1832 | D:3      | Reached XP level 6. HP: 49/55 MP: 5/5
  2233 | D:4      | Reached skill level 5 in Fighting
  2278 | D:4      | Reached skill level 6 in Axes
  2287 | D:4      | Noticed Robin
  2290 | D:4      | Reached skill level 5 in Armour
  2298 | D:4      | Killed Robin
  2341 | D:4      | Noticed Eustachio
  2343 | D:4      | Noticed Grinder
  2616 | D:4      | Reached XP level 7. HP: 61/61 MP: 6/6
  2649 | D:4      | Killed Eustachio
  2722 | D:4      | Killed Grinder
  2723 | D:4      | Reached skill level 7 in Axes
  2723 | D:4      | Reached skill level 5 in Shields
  2828 | D:5      | Entered Level 5 of the Dungeon
  2887 | D:5      | Reached XP level 8. HP: 59/70 MP: 7/7
  2979 | D:5      | Found a runed translucent gate.
  2980 | D:5      | Found a runed translucent gate.
  2981 | D:5      | Found a runed translucent gate.
  2982 | D:5      | Found an opulent altar of Gozag.
  2984 | D:5      | Noticed Arzdou's ghost (novice DsSh)
  3004 | D:5      | Reached skill level 8 in Axes
  3129 | D:5      | Found a blossoming altar of Fedhas.
  3138 | D:5      | Found a radiant altar of Vehumet.
  3580 | D:5      | Noticed Blork the orc
  3592 | D:5      | Killed Blork the orc
  3736 | D:5      | Reached skill level 9 in Axes
  3924 | D:5      | Found a staircase to the Ecumenical Temple.
  3930 | Temple   | Entered the Ecumenical Temple
  3943 | Temple   | Became a worshipper of Warmaster Okawaru
  4044 | D:6      | Found Qeamn's General Store.
  4075 | D:6      | Noticed Jeremiah
  4097 | D:6      | Killed from afar by Jeremiah

Illustrated notes

Levels and vault maps discovered:
D:1:      minmay_arrival_shoal_huts, layout_basic, serial_shops,
          nicolae_shop_rolling_square, shop, shop, shop, nicolae_shop_mannequins
D:2:      layout_loops_cross, minmay_box_of_dots
D:3:      layout_rooms, serial_bayou_lake_a, uniq_sigmund
D:4:      layout_gridville, uniq_grinder, uniq_robin, uniq_eustachio
D:5:      minmay_goblin_kobold_castle, layout_cave_pools,
          chequers_temple_overflow_statue_of_worship,
          minmay_temple_entry_enclosed_plants, ebering_ghost_gozag,
          uniq_blork_the_orc
D:6:      layout_cave_pools, serial_shops, shop, shop_coins, nicolae_shop_trees,
          nicolae_shop_stone, shop, uniq_jeremiah, uniq_pikel
Temple:   nicolae_temple_superstar

Skill      XL: |  1  2  3  4  5  6  7  8 |
---------------+-------------------------+-----
Shields        | 4 5 |  5.5
Fighting       | 4 5 6 |  6.4
Armour         | 4 5 6 |  6.5
Axes           | 3 5 6 7 9 |  9.2
Dodging        | 1 2 3 |  3.1
Stealth        | |  0.1

Action                     |  1- 3 |  4- 6 |  7- 9 || total
---------------------------+-------+-------+-------++-------
  Melee: War axe           |    71 |   108 |   180 ||   359
         Headbutt          |    10 |    23 |    29 ||    62
    Use: Scroll            |     4 |     5 |     1 ||    10
 Armour: Scale mail        |    45 |    93 |   124 ||   262
  Dodge: Dodged            |    25 |    60 |    92 ||   177
  Block: Buckler           |    13 |    35 |    56 ||   104

Table legend: (Time is in decaauts)
 A = Elapsed time spent in this place.
 B = Non-inter-level travel time spent in this place.
 C = Inter-level travel time spent in this place.
 D = Time resting spent in this place.
 E = Time spent auto-exploring this place.
 F = Levels seen in this place.
 G = Mean time per level.
                   A        B        C        D        E       F      G
               +--------+--------+--------+--------+--------+-----+--------+
         Total |   4170 |   3932 |    238 |    257 |   2847 |   7 |  595.7 |
       Dungeon |   4143 |   3929 |    214 |    257 |   2847 |   6 |  690.5 |
        Temple |     26 |      2 |     24 |      0 |      0 |   1 |   26.0 |
               +--------+--------+--------+--------+--------+-----+--------+

Top non-repeatable levels by time:
     D:5: 1204 daAuts
     D:2: 898 daAuts
     D:1: 702 daAuts
     D:4: 679 daAuts
     D:3: 605 daAuts
     D:6: 53 daAuts
  Temple: 26 daAuts
